AoeStats
← Kalibra

Arena

506899772Analyzed
1v1 RM · 16d ago on Sep 15, 2026· 20m 33s· 2 players
Game mode
Random Map
Map size
Tiny (2 player)
Population
200
Speed
Normal
Resources
Standard
Victory
Conquest
Starting age
Dark Age
Ending age
Imperial Age
RankedLock teamsTeams togetherTeam positionsShared explorationLock speedFull tech treeHidden civsTurbo modeCheats
Victory
Defeat
🇹🇷 Khmer · Türkiye
619
+17
🇦🇷 Khmer · Argentina
631
-17
Kalibra
6:56 Loom
9:06 Feudal Age
12:44 Wheelbarrow
18:26 Castle Age
16:48 Double-Bit Axe
16:50 Horse Collar
18:25 Bloodlines
19:13 Forging
19:10 Scale Barding Armor
DRO58912
11:49 Feudal Age
17:58 Castle Age
16:29 Double-Bit Axe
17:07 Stone Mining
17:19 Loom
Connection lost

Rejoining the realm…

Still unreachable

The connection could not be restored.

Session expired

The server has moved on; the page needs a fresh start.